[Event "Late-Titled-Tuesday-Blitz-May-07-2024"]
[Site "Chess.com"]
[Date "2024.05.07"]
[Round "5"]
[White "IMRosen"]
[Black "MaiqMaster"]
[Result "1-0"]
[WhiteElo "2642"]
[BlackElo "2496"]
[TimeControl "180+1"]
[EndTime "14:55:33 PDT"]
[Termination "IMRosen won by resignation"]

1. a4 a5 2. Ra3 Ra6 3. g3 g6 4.
e4 e6 5. Bxa6 Bxa3 6. Bxb7 Bxb7 7. Nxa3 Bxe4 8. f3 Bc6 9. b3 Qf6 10. Nc4 d6 11. Bb2 e5 12. Nxa5 Ba8 13. Qe2 Ne7 14.
Nh3 Qxf3 15. Qxf3 Bxf3 16. O-O Ba8 17. d4 Nd7 18. dxe5 dxe5 19. Nc4 f6 20. Nf2 O-O 21.
Ba3 Rf7 22. Ng4 Nd5 23. Nh6+ Kg7 24. Nxf7 Kxf7 25. Bb2 Ke6 26. a5 Nc5 27. Ra1 Bb7 28.
Ba3 Na6 29. b4 Naxb4 30. Bxb4 Nxb4 31. Rb1 c5 32. c3 Be4 33. Re1 Bd3 34. cxb4 Bxc4 35.
bxc5 Kd5 36. Rc1 Bb5 37. c6 Bxc6 38. a6 Kd6 39. a7 Bb7 40. Rc8 Bxc8 41. a8=Q Bd7 42.
Qh8 Ke6 43. Qxh7 Bc6 44. Qxg6 1-0

[Event "Late-Titled-Tuesday-Blitz-May-07-2024"]
[Site "Chess.com"]
[Date "2024.05.07"]
[Round "5"]
[White "Matalon"]
[Black "martinmena"]
[Result "1-0"]
[WhiteElo "2395"]
[BlackElo "2140"]
[TimeControl "180+1"]
[EndTime "14:55:37 PDT"]
[Termination "Matalon won on time"]

1. e4 c6 2. d4 d5 3. exd5 cxd5 4. c4 Nf6 5. Nc3 g6 6. cxd5 Bg7 7. Bb5+ Nbd7 8. d6 exd6 9. Qe2+ Qe7 10. Bf4 d5 11. Qxe7+ Kxe7 12. Nf3 Re8 13. O-O Kf8 14. Rfe1 a6 15. Ba4 b5 16. Bb3 Bb7 17. Ne5 Nb6 18. a4 b4 19. Na2 a5 20. Nc1 Nh5 21. Be3 Bxe5 22. dxe5 Nc4 23. Bd4 Ng7 24. Nd3 Ne6 25. Bc5+ Kg8 26. Rac1 Ba6 27. Red1 Rac8 28. Bd6 Red8 29.
Be7 Rd7 30. Bf6 Rdc7 31. h4 Nb6 32. Rxc7 Rxc7 33. g3 Nd4 34. Nxb4 axb4 35. Rxd4 Rc1+ 36. Kg2 Bf1+ 37. Kh2 Rb1 38. a5 Rxb2 39. axb6 Bb5 40. b7 Rxf2+ 41. Kg1 Rf1+ 42. Kg2 Rc1 43. b8=Q+ 1-0

[Event "Late-Titled-Tuesday-Blitz-May-07-2024"]
[Site "Chess.com"]
[Date "2024.05.07"]
[Round "5"]
[White "Oleksandr_Bortnyk"]
[Black "jcibarra"]
[Result "1-0"]
[WhiteElo "3074"]
[BlackElo "2922"]
[TimeControl "180+1"]
[EndTime "14:55:38 PDT"]
[Termination "Oleksandr_Bortnyk won on time"]

1. e4 e5 2. Bc4 Nf6 3. d3 Bc5 4. Nc3 O-O 5. Bg5 h6 6. Bh4 c6 7. Nf3 b5 8. Bb3 d6 9. d4 exd4 10. Nxd4 Re8 11. O-O a5 12. a3 Bb7 13. Nf5 Bc8 14. Qf3 Bxf5 15. Qxf5 Nbd7 16. Rad1 Qc7 17. Rfe1 Re5 18. Qf3 b4 19. Na4 bxa3 20. bxa3 Bxa3 21.
Bg3 Bb4 22. c3 Bc5 23. Bxe5 Nxe5 24. Qg3 Ba7 25. h3 Re8 26. Kh1 Qe7 27. f4 Nh5 28.
Qh2 Ng6 29. g3 Qf6 30. Rd3 Bb8 31. Qe2 Ngxf4 32. gxf4 Nxf4 33. Rf3 Nd3 34. Rxf6 1-0

[Event "Late-Titled-Tuesday-Blitz-May-07-2024"]
[Site "Chess.com"]
[Date "2024.05.07"]
[Round "5"]
[White "Byniolus"]
[Black "GM_dmitrij"]
[Result "0-1"]
[WhiteElo "2829"]
[BlackElo "3046"]
[TimeControl "180+1"]
[EndTime "14:55:38 PDT"]
[Termination "GM_dmitrij won by resignation"]

1. d4 Nf6 2. Nf3 d5 3. Bf4 c5 4. c3 Qb6 5. Qb3 c4 6. Qc2 Nc6 7. Nbd2 Bg4 8. e3 e6 9. b3 cxb3 10. axb3 Be7 11. Be2 O-O 12. h3 Bf5 13. Qb2 h6 14.
O-O Rfc8 15. b4 a6 16. Rfc1 Na7 17. Nb3 Nb5 18. Nc5 Ne4 19. Ne5 Nbd6 20. Qa3 Nd2 21.
Qa5 Qxa5 22. bxa5 g5 23. Bh2 N6e4 24. Nxe4 Bxe4 25. Bd1 f6 26. Nd7 Nc4 27. Be2 Bd8 28.
f3 Bg6 29. Nc5 Nxa5 30. Ra2 Kf7 31. e4 b6 32. Nd3 dxe4 33. Nb4 Nb3 34. Re1 a5 35.
fxe4 axb4 36. Rxa8 Rxa8 37. cxb4 Bxe4 0-1

[Event "Late-Titled-Tuesday-Blitz-May-07-2024"]
[Site "Chess.com"]
[Date "2024.05.07"]
[Round "5"]
[White "MiguelBestard1981"]
[Black "Chessdude1987"]
[Result "0-1"]
[WhiteElo "2190"]
[BlackElo "2397"]
[TimeControl "180+1"]
[EndTime "14:55:38 PDT"]
[Termination "Chessdude1987 won by checkmate"]

1. e4 e6 2. d4 d5 3. exd5 exd5 4.
c4 Nf6 5. Nf3 Bb4+ 6. Nc3 O-O 7.
Bd3 dxc4 8. Bxc4 Nc6 9. h3 Re8+ 10. Be3 Be6 11. Bd3 Bd5 12. O-O Bxc3 13. bxc3 Be4 14. Bc4 Nd5 15. Qb3 Na5 16. Qa4 Nxc4 17. Qxc4 Bxf3 18.
gxf3 Rxe3 19. fxe3 Nxe3 20. Qe2 Qg5+ 21. Kh1 Nxf1 22.
Rxf1 Qf5 23. Kg2 h5 24. Qe4 Qg5+ 25. Kh2 Qd2+ 26. Kg1 Qxc3 27. Qxb7 Qxd4+ 28. Kh1 Re8 29. Qxc7 Re2 30. Qc8+ Kh7 31. Qf5+ Kh6 32. Rg1 Qf6 33. Qxf6+ gxf6 34. Rg2 Rxg2 35. Kxg2 Kg5 36. Kg3 h4+ 37. Kg2 Kf4 38. Kf2 a5 39. a4 f5 40. Ke2 Kg3 41.
Ke3 Kxh3 42. Kf4 Kg2 43. Kxf5 h3 44. Kf6 h2 45. f4 h1=Q 46. Kxf7 Qh5+ 47. Ke6 Qg4+ 48.
f5 Qxa4 49. f6 Qf4 50. f7 a4 51. Ke7 a3 52. f8=Q Qxf8+ 53. Kxf8 a2 54. Ke7 a1=Q 55.
Kd6 Qd4+ 56. Ke6 Qc5 57. Kd7 Qb6 58. Ke7 Qc6 59. Kf7 Qd6 60. Kg7 Qe6 61. Kh8 Qe7 62.
Kg8 Kg3 63. Kh8 Kg4 64. Kg8 Kg5 65. Kh8 Kg6 66. Kg8 Qe8# 0-1

[Event "Late-Titled-Tuesday-Blitz-May-07-2024"]
[Site "Chess.com"]
[Date "2024.05.07"]
[Round "5"]
[White "Yaacovn"]
[Black "Hikaru"]
[Result "0-1"]
[WhiteElo "2850"]
[BlackElo "3215"]
[TimeControl "180+1"]
[EndTime "14:55:41 PDT"]
[Termination "Hikaru won on time"]

1. d4 a6 2. e3 b5 3. Nf3 e6 4.
Be2 c5 5. O-O Nf6 6. b3 cxd4 7.
Nxd4 Bb7 8. Bf3 Qc8 9. Bb2 d5 10. a4 b4 11. c3 bxc3 12. Nxc3 Nbd7 13. Rc1 Qb8 14. Qe2 Bb4 15. Na2 Bd6 16. g3 O-O 17. Bg2 Nc5 18. Ba3 Nfd7 19. Rc2 Nxb3 20. Nxb3 Bxa3 21. Na5 Bc8 22. Nc6 Qb3 23. Nc3 Bd6 24.
Rb1 Qa3 25. e4 d4 26. Nxd4 Be5 27. Rb3 Qd6 28. Nf3 Nc5 29. Rb1 Ra7 30. Rd1 Qb8 31. Nxe5 Qxe5 32. Qe3 Rd7 33. Rxd7 Nxd7 34. Rd2 Qc7 35.
Qd4 Ne5 36. h3 h5 37. f4 Nc4 38. Rf2 Rd8 39. Nd5 exd5 40. exd5 Nd6 41. Kh2 Nf5 42. Qe5 Qxe5 43. fxe5 Ne3 0-1

[Event "Late-Titled-Tuesday-Blitz-May-07-2024"]
[Site "Chess.com"]
[Date "2024.05.07"]
[Round "5"]
[White "Oleg_Papayan"]
[Black "EliteChess0967"]
[Result "1-0"]
[WhiteElo "2642"]
[BlackElo "2399"]
[TimeControl "180+1"]
[EndTime "14:55:41 PDT"]
[Termination "Oleg_Papayan won by resignation"]

1. e4 e5 2. Nf3 Nc6 3. Bb5 a6 4.
Bxc6 dxc6 5. Nc3 f6 6. d4 exd4 7. Qxd4 Qxd4 8. Nxd4 Bd7 9. Bf4 O-O-O 10. f3 Ne7 11. Kf2 Ng6 12. Be3 Re8 13. h4 h5 14.
Rad1 Be7 15. Nf5 Bxf5 16. exf5 Ne5 17. b3 Nf7 18. g4 Bb4 19. Ne2 hxg4 20. fxg4 Re7 21.
Nf4 Ne5 22. Rdg1 Rhe8 23. Ne6 Rf7 24. h5 Nd7 25. Kf3 Nf8 26. Nf4 Bd6 27. Bd4 Bxf4 28.
Kxf4 Rfe7 29. Kf3 Re4 30. Bf2 Nh7 31. h6 Ng5+ 32. Kg3 gxh6 33. Rxh6 Re2 34. Bd4 Ne4+ 35. Kf3 Nd2+ 36. Kg3 Ne4+ 37. Kf4 Nd2 38. Bxf6 R2e4+ 39. Kg3 Re3+ 40. Kg2 Re2+ 41. Kh1 Nf3 42. Rf1 Nd4 43.
Bxd4 1-0

[Event "Late-Titled-Tuesday-Blitz-May-07-2024"]
[Site "Chess.com"]
[Date "2024.05.07"]
[Round "5"]
[White "merinasian"]
[Black "remyrushbrooke"]
[Result "0-1"]
[WhiteElo "2470"]
[BlackElo "2304"]
[TimeControl "180+1"]
[EndTime "14:55:42 PDT"]
[Termination "remyrushbrooke won by resignation"]

1. d4 g6 2. Nf3 Bg7 3. Bf4 d6 4. e3 Nd7 5. h3 e5 6. Bh2 e4 7.
Nfd2 Ngf6 8. c4 O-O 9. Nc3 Re8 10. Be2 c6 11. Bxd6 Nb6 12. Bh2 h5 13. Qc2 Bf5 14. c5 Nbd5 15. a3 Bh6 16. Nc4 Nxc3 17. bxc3 Nd5 18.
Nd6 Qh4 19. Bg3 Nxe3 20. Qb3 Nxg2+ 21. Kf1 Ne3+ 22. Kg1 Qf6 23. Nxe8 Rxe8 24. fxe3 Bxe3+ 25. Kh2 h4 26. Bd6 Be6 27. Rhf1 Qxf1 28. Rxf1 Bxb3 29. Rb1 Bd5 30. Rxb7 f5 31. Rxa7 f4 32. Be5 f3 33.
Bf1 Bf7 34. Rb7 Bf2 35. Rb2 Rxe5 36. dxe5 Bg3+ 37. Kh1 e3 38. a4 Bd5 39. Rb1 e2 40. Bxe2 f2+ 0-1

[Event "Late-Titled-Tuesday-Blitz-May-07-2024"]
[Site "Chess.com"]
[Date "2024.05.07"]
[Round "5"]
[White "xakevicius91"]
[Black "Vazabanga"]
[Result "0-1"]
[WhiteElo "2514"]
[BlackElo "2690"]
[TimeControl "180+1"]
[EndTime "14:55:43 PDT"]
[Termination "Vazabanga won by resignation"]

1. e4 c5 2. Nf3 d6 3. c3 Nf6 4. Bd3 g6 5. O-O Bg4 6. Bc2 Bg7 7. d4 cxd4 8. cxd4 O-O 9. Nbd2 Nc6 10. h3 Bxf3 11.
Nxf3 Nd7 12. Be3 a6 13. Rc1 Rc8 14. Bb3 Na5 15. Qd3 Qb6 16. e5 Nxb3 17. axb3 d5 18.
h4 h5 19. g3 Rfd8 20. Kg2 Nf8 21. Ng5 Ne6 22. Nf3 Nf8 23. Bg5 Qe6 24. Qd2 Qd7 25.
Bh6 Rxc1 26. Rxc1 Rc8 27. Bxg7 Kxg7 28. Rc3 Ne6 29. Qc1 Rxc3 30. bxc3 Qb5 31. Qc2 Qc6 32. Qd3 a5 33. Nd2 b5 34. Nb1 a4 35. bxa4 bxa4 36. Na3 Nc7 37. g4 hxg4 38. h5 gxh5 39. Qd2 Qg6 40. Qb2 Qe4+ 41. Kf1 Ne6 42. Nc2 Nf4 0-1

[Event "Late-Titled-Tuesday-Blitz-May-07-2024"]
[Site "Chess.com"]
[Date "2024.05.07"]
[Round "5"]
[White "HaryKane"]
[Black "Shiner22"]
[Result "1-0"]
[WhiteElo "2542"]
[BlackElo "2295"]
[TimeControl "180+1"]
[EndTime "14:55:44 PDT"]
[Termination "HaryKane won by checkmate"]

1. e4 c5 2. Nf3 Nc6 3. g3 g6 4. Bg2 Bg7 5. O-O e6 6. Re1 Nge7 7. c3 O-O 8. d4 cxd4 9. cxd4 d5 10. e5 a5 11. Nc3 b6 12. Bf1 Nf5 13. Bb5 Qc7 14. Bf4 h5 15. Rc1 Bb7 16. Qa4 Rac8 17. Nxd5 exd5 18.
e6 Qe7 19. exf7+ Qxf7 20. Bxc6 Bxc6 21. Rxc6 Rxc6 22. Qxc6 Nxd4 23. Nxd4 Bxd4 24. Re6 Kh7 25. Rd6 Re8 26. Rxd5 Bc5 27. Rd7 Re7 28. Rxe7 Qxe7 29. Kg2 Kg7 30. Qf3 Qd7 31. Be5+ Kh6 32. Qf4+ Kh7 33.
Qf6 Qb7+ 34. f3 Kh6 35. Qh8+ Kg5 36. Bf4+ Kf5 37. Qe5# 1-0

[Event "Late-Titled-Tuesday-Blitz-May-07-2024"]
[Site "Chess.com"]
[Date "2024.05.07"]
[Round "5"]
[White "cthulhuuu"]
[Black "Felix-Rose"]
[Result "1-0"]
[WhiteElo "2536"]
[BlackElo "2231"]
[TimeControl "180+1"]
[EndTime "14:55:44 PDT"]
[Termination "cthulhuuu won by checkmate"]

1. e4 e5 2. Nf3 Nc6 3. d3 Nf6 4. g3 Bc5 5. Bg2 O-O 6. O-O h6 7. c3 a5 8. a3 Ba7 9. a4 Re8 10. Na3 d5 11. Nb5 Bb6 12. exd5 Nxd5 13. Nd2 Nde7 14.
Nc4 Bc5 15. Nxe5 Nxe5 16. d4 c6 17. dxc5 cxb5 18. axb5 Bg4 19. Qxd8 Rexd8 20. Bxb7 Rab8 21. c6 Nd5 22. Bf4 Nxf4 23. gxf4 Nf3+ 24. Kg2 Rd3 25.
Kg3 f5 26. Rfd1 Nd2+ 27. f3 Rxf3+ 28. Kg2 Bh3+ 29. Kg1 Ne4 30. c7 Rxb7 31. c8=Q+ Kh7 32. Qxb7 Rxf4 33. Rd3 Rg4+ 34. Rg3 Nxg3 35. hxg3 Rxg3+ 36. Kh2 f4 37. Rg1 Re3 38. Qxg7# 1-0

[Event "Late-Titled-Tuesday-Blitz-May-07-2024"]
[Site "Chess.com"]
[Date "2024.05.07"]
[Round "5"]
[White "VD_coach"]
[Black "MusicCityMaster"]
[Result "0-1"]
[WhiteElo "2586"]
[BlackElo "2469"]
[TimeControl "180+1"]
[EndTime "14:55:45 PDT"]
[Termination "MusicCityMaster won by resignation"]

1. Nf3 Nf6 2. d4 g6 3. c4 c5 4.
Nc3 cxd4 5. Nxd4 Nc6 6. e3 Bg7 7. Be2 O-O 8. O-O d6 9. b3 Bd7 10. Bb2 Rc8 11. Rc1 a6 12. Bf3 Qa5 13. Qd2 Rfe8 14.
Rfd1 Nxd4 15. exd4 b5 16. Be2 b4 17. Nd5 Nxd5 18. cxd5 Qxa2 19. Bc4 Bh6 20. Qxh6 Qxb2 21. Qe3 a5 22. Ra1 a4 23. Rdb1 Qc3 24.
Rc1 Qxe3 25. fxe3 a3 26. Kf2 Rc7 27. e4 Rec8 28. Ke3 Bb5 29. Kd3 Bxc4+ 30. Rxc4 Rxc4 31.
bxc4 Rb8 32. Kc2 b3+ 33. Kb1 Ra8 34. c5 dxc5 35. dxc5 Kf8 36. e5 Ke8 37. c6 Kd8 38. d6 exd6 39. exd6 Ra6 40. g3 h5 41. h3 f5 42. h4 Kc8 43. c7 Kd7 0-1

[Event "Late-Titled-Tuesday-Blitz-May-07-2024"]
[Site "Chess.com"]
[Date "2024.05.07"]
[Round "5"]
[White "LikeWater"]
[Black "moro182"]
[Result "0-1"]
[WhiteElo "2685"]
[BlackElo "2881"]
[TimeControl "180+1"]
[EndTime "14:55:46 PDT"]
[Termination "moro182 won by checkmate"]

1. e4 g6 2. d4 Bg7 3. Nc3 a6 4. g4 d5 5. exd5 Nf6 6. h3 b5 7.
Bg2 Bb7 8. Nf3 h5 9. g5 Nxd5 10. O-O Nxc3 11. bxc3 Nd7 12. Re1 O-O 13. a4 Nb6 14.
axb5 axb5 15. Rb1 Bc6 16. Ne5 Bxg2 17. Kxg2 Bxe5 18. Rxe5 c6 19. Qe2 e6 20. Bf4 Nd5 21.
Bd2 Ra3 22. Rb3 Ra1 23. c4 bxc4 24. Qxc4 Ne7 25. Bb4 Nf5 26. Bxf8 Qxg5+ 27. Rg3 Nh4+ 28. Kh2 Nf3+ 29. Kg2 Nh4+ 30. Kh2 Qc1 31. Qxc6 Qf1 32. Rg2 Kxf8 33. Reg5 Kg7 34. Qe4 Qh1+ 35. Kg3 Ra3+ 36.
Kxh4 Qxh3# 0-1

[Event "Late-Titled-Tuesday-Blitz-May-07-2024"]
[Site "Chess.com"]
[Date "2024.05.07"]
[Round "5"]
[White "dolynachess"]
[Black "nochewycandy"]
[Result "1/2-1/2"]
[WhiteElo "2537"]
[BlackElo "2779"]
[TimeControl "180+1"]
[EndTime "14:55:46 PDT"]
[Termination "Game drawn by repetition"]

1. d4 g6 2. c4 Bg7 3. Nc3 d6 4. Nf3 Nf6 5. e4 O-O 6. Be2 Na6 7. Be3 e5 8. d5 Ng4 9. Bg5 f6 10. Bh4 Qe8 11. Nd2 Nh6 12. f3 g5 13. Bf2 f5 14.
h3 Kh8 15. Rb1 c5 16. a3 g4 17. hxg4 fxg4 18. b4 b6 19. Nb5 Qe7 20. fxg4 Rxf2 21. Kxf2 Bd7 22. Bf3 Rf8 23. Ke1 Qf6 24. Qa4 Nc7 25.
Qxa7 Nxb5 26. Qxd7 Nxa3 27. Rc1 Qf4 28. bxc5 Qe3+ 29.
Kd1 bxc5 30. Qxd6 Nxg4 31. Bxg4 Rf2 32. Qb8+ Bf8 33. Qxe5+ Bg7 34. Qb8+ Bf8 35. Qb2+ Bg7 36. Qb8+ Bf8 37. Qe5+ Bg7 38. Qb8+ 1/2-1/2

[Event "Late-Titled-Tuesday-Blitz-May-07-2024"]
[Site "Chess.com"]
[Date "2024.05.07"]
[Round "5"]
[White "klifus"]
[Black "hikaruchija"]
[Result "0-1"]
[WhiteElo "2169"]
[BlackElo "2505"]
[TimeControl "180+1"]
[EndTime "14:55:46 PDT"]
[Termination "hikaruchija won on time"]

1. e4 c5 2. Nf3 e6 3. d3 Nc6 4. g3 d5 5. Nbd2 Bd6 6. Bg2 Nge7 7. O-O O-O 8. Re1 f6 9. exd5 exd5 10. c4 Kh8 11.
cxd5 Nxd5 12. Ne4 Be7 13. a3 h6 14. Qc2 Bg4 15. Ned2 Rc8 16. h3 Bh5 17. b3 Nd4 18.
Nxd4 cxd4 19. Qb2 Nc3 20. Bxb7 Rc7 21. Bf3 Bxf3 22. Nxf3 Qd5 23. Nh2 Qf5 24. Bf4 Rb7 25. Kg2 Qd5+ 26. f3 Rxb3 27. Qd2 Bd6 28. Bxh6 Rfb8 29. Rac1 Rb2 30. Rc2 Rxc2 31. Qxc2 gxh6 32. Qd2 Qg5 33. f4 Qd5+ 34. Kg1 Rg8 35. Qf2 Qf5 36. Kg2 Qxf4 37. Qxf4 Bxf4 38. Nf1 h5 39. Kf3 Bg5 40. Re7 Nd5 41. Rxa7 Ne3 42. Nh2 h4 43. gxh4 Bxh4 44. Ng4 Nxg4 45. hxg4 Re8 0-1

[Event "Late-Titled-Tuesday-Blitz-May-07-2024"]
[Site "Chess.com"]
[Date "2024.05.07"]
[Round "5"]
[White "Abund"]
[Black "Durarbayli"]
[Result "1-0"]
[WhiteElo "2780"]
[BlackElo "2939"]
[TimeControl "180+1"]
[EndTime "14:55:47 PDT"]
[Termination "Abund won by resignation"]

1. e4 e6 2. d4 d5 3. Nd2 c5 4.
Ngf3 cxd4 5. Nxd4 Nc6 6. Bb5 Bd7 7. Nxc6 bxc6 8. Bd3 Qc7 9. Qe2 Bd6 10. Nf3 e5 11.
exd5 cxd5 12. Nxe5 Bxe5 13. f4 f6 14. O-O Ne7 15.
fxe5 Qxe5 16. Qf2 Kf7 17. Bf4 Qxb2 18. Rab1 Qa3 19. Be5 Rhf8 20. Rb7 Bc6 21. Rb3 Qa4 22. Bxh7 Rh8 23. Bxf6 Rxh7 24. Bxe7+ Kxe7 25. Qf7+ Kd6 26. Qg6+ Kc7 27. Qxh7 Qd4+ 28. Kh1 Rf8 29. Rbb1 Rxf1+ 30. Rxf1 Qg4 31. h3 Qg5 32. Rf7+ Kb6 33. Qxg7 Qc1+ 34. Kh2 Qxc2 35. Qd4+ Ka6 36. Rxa7+ Kb5 37. a4+ 1-0

[Event "Late-Titled-Tuesday-Blitz-May-07-2024"]
[Site "Chess.com"]
[Date "2024.05.07"]
[Round "5"]
[White "bancsoo"]
[Black "Yerkinio"]
[Result "1-0"]
[WhiteElo "2866"]
[BlackElo "2678"]
[TimeControl "180+1"]
[EndTime "14:55:47 PDT"]
[Termination "bancsoo won by resignation"]

1. Nf3 Nf6 2. g3 d6 3. d4 Nc6 4. Bg2 Bd7 5. c4 Qc8 6. h3 e5 7. Nc3 Be7 8. dxe5 dxe5 9. Nd5 e4 10. Ng5 Bf5 11. Nxf6+ Bxf6 12. Nxe4 Be7 13. g4 Be6 14. Qa4 O-O 15. Ng3 Bb4+ 16. Bd2 Bxd2+ 17. Kxd2 Qd8+ 18. Ke1 Qd4 19. Bxc6 Qxb2 20. Rd1 bxc6 21. f3 Qc3+ 22.
Kf2 Qxc4 23. Qxc4 Bxc4 24. Rd2 Rfd8 25. Rc2 Bb5 26. Rb1 a5 27. Ne4 Rab8 28. Nc3 Bc4 29. Rbc1 f6 30. Ne4 Bb5 31. Nc5 Rd5 32. a4 Rxc5 33.
Rxc5 Bxa4 34. Rxa5 Bb5 35. Rca1 Kf7 36. Ra8 Rb6 37.
R1a7 Kg6 38. Rxc7 Bc4 39. Raa7 1-0

[Event "Late-Titled-Tuesday-Blitz-May-07-2024"]
[Site "Chess.com"]
[Date "2024.05.07"]
[Round "5"]
[White "ahmedkandiliii"]
[Black "bascheyaro"]
[Result "1-0"]
[WhiteElo "2660"]
[BlackElo "2826"]
[TimeControl "180+1"]
[EndTime "14:55:48 PDT"]
[Termination "ahmedkandiliii won by checkmate"]

1. Nf3 d5 2. g3 Nf6 3. Bg2 Bf5 4. O-O e6 5. d3 c5 6. Nbd2 Nc6 7. Re1 Be7 8. e4 Bg6 9. Qe2 dxe4 10. dxe4 O-O 11. c3 Qc7 12. Nh4 Bh5 13. Qf1 Rad8 14. Nc4 b5 15. Ne3 a6 16. Nc2 c4 17. Bf4 e5 18. Bg5 h6 19. Bxf6 Bxf6 20. Nf5 Ne7 21. Nxe7+ Bxe7 22. Ne3 Rd2 23. Nd5 Qd8 24. b4 cxb3 25.
axb3 Bc5 26. Ne3 Qb6 27. Kh1 Rfd8 28. Nd5 R8xd5 29. exd5 Rxf2 30. Qd3 Bg6 31. Qd1 Bd6 32. c4 h5 33. Qc1 Bb4 34. Rxe5 Qf6 35. Qg5 Qb6 36.
Re8+ Kh7 37. Qd8 Bf5 38. Qxb6 Rc2 39. Qe3 h4 40. Be4 g6 41. Bxf5 gxf5 42. Qg5 hxg3 43. Qh5+ Kg7 44. Qh8+ Kg6 45. Rg8# 1-0

[Event "Late-Titled-Tuesday-Blitz-May-07-2024"]
[Site "Chess.com"]
[Date "2024.05.07"]
[Round "5"]
[White "rionelG"]
[Black "robertoalejandro10"]
[Result "0-1"]
[WhiteElo "2289"]
[BlackElo "2510"]
[TimeControl "180+1"]
[EndTime "14:55:48 PDT"]
[Termination "robertoalejandro10 won on time"]

1. e4 c5 2. Nf3 g6 3. d4 cxd4 4.
Nxd4 Nc6 5. Nc3 Bg7 6. Nb3 Nf6 7. Be3 a5 8. a4 O-O 9. Be2 d6 10. f4 Be6 11. g4 Bxb3 12. cxb3 Nd7 13. O-O Nc5 14.
Bf3 Qb6 15. Ra3 Rfe8 16. Re1 Rad8 17. Nd5 Qa7 18. Ra2 e6 19. Nc3 Qb6 20. Nb5 Na7 21.
Nd4 e5 22. Ne2 Nc6 23. Nc3 exf4 24. Nd5 Qxb3 25. Bxc5 Qxd1 26. Rxd1 dxc5 27. b3 Nd4 28. Kf2 f6 29. Rc1 Nxb3 30. Rb1 c4 31. Rc2 Rc8 0-1

[Event "Late-Titled-Tuesday-Blitz-May-07-2024"]
[Site "Chess.com"]
[Date "2024.05.07"]
[Round "5"]
[White "ReadySkate"]
[Black "gmcorrales"]
[Result "1-0"]
[WhiteElo "2715"]
[BlackElo "2871"]
[TimeControl "180+1"]
[EndTime "14:55:49 PDT"]
[Termination "ReadySkate won by resignation"]

1. d4 Nf6 2. c4 g6 3. Nc3 d5 4.
Nf3 Bg7 5. Qb3 dxc4 6. Qxc4 O-O 7. e4 Bg4 8. Be3 Bxf3 9. gxf3 Nfd7 10. Be2 c6 11.
Rd1 e6 12. O-O a5 13. f4 Qh4 14. Bf3 Bh6 15. Ne2 Nf6 16. Kg2 Ng4 17. h3 Nxe3+ 18.
fxe3 Nd7 19. e5 Kh8 20. Ng3 Nb6 21. Qb3 Nd5 22. Bxd5 cxd5 23. Qd3 Rg8 24. Qe2 g5 25. f5 g4 26. Rh1 gxh3+ 27. Rxh3 Qe4+ 28. Qf3 Qc2+ 29. Kh1 Bxe3 30. Rf1 Qd3 31. Qh5 Rg7 32. Qf3 Rag8 33.
Re1 exf5 34. Rxe3 Qxd4 35. Re1 Rxg3 36. Rxg3 Qh4+ 37. Kg2 Rg6 38. Rg1 Kg7 39. Kf1 Qg4 40. Rxg4 fxg4 41. Rxg4 1-0

[Event "Late-Titled-Tuesday-Blitz-May-07-2024"]
[Site "Chess.com"]
[Date "2024.05.07"]
[Round "5"]
[White "szachmistrz2500"]
[Black "Mikhail_Golubev"]
[Result "0-1"]
[WhiteElo "2466"]
[BlackElo "2611"]
[TimeControl "180+1"]
[EndTime "14:55:49 PDT"]
[Termination "Mikhail_Golubev won on time"]

1. d4 Nf6 2. Nf3 d6 3. c4 g6 4. Nc3 Bg7 5. e4 O-O 6. Be2 e5 7. O-O h6 8. Re1 Nbd7 9. Bf1 Re8 10. b3 exd4 11. Nxd4 Ng4 12. Qxg4 Bxd4 13. Bd2 Qf6 14.
Qg3 c6 15. Rac1 g5 16. h4 Kf8 17. hxg5 hxg5 18. Ne2 Bb6 19. Bb4 Ne5 20. c5 Bxc5 21. Rxc5 dxc5 22. Bxc5+ Kg8 23. f4 Ng6 24. f5 Qe5 25. Qf2 Nf4 26. Nxf4 Qxf4 27. Qxf4 gxf4 28. Kf2 b6 29. Bd6 f6 30. Bc4+ Kg7 31. e5 Bxf5 32. e6 b5 33. Be2 Rxe6 34. Bxf4 Rae8 0-1

[Event "Late-Titled-Tuesday-Blitz-May-07-2024"]
[Site "Chess.com"]
[Date "2024.05.07"]
[Round "5"]
[White "Thjop"]
[Black "KorolDimitriy75"]
[Result "1-0"]
[WhiteElo "2606"]
[BlackElo "2392"]
[TimeControl "180+1"]
[EndTime "14:55:49 PDT"]
[Termination "Thjop won on time"]

1. e4 c5 2. Nf3 d6 3. g3 g6 4. Bg2 Bg7 5. O-O Nc6 6. d3 e5 7. Nc3 Nge7 8. a4 O-O 9. Nd2 h6 10. Nc4 f5 11. Nd5 Nxd5 12. exd5 Ne7 13. f4 Kh7 14. c3 Rb8 15. Be3 b6 16. Bd2 Bb7 17. Ne3 exf4 18. gxf4 Qe8 19. a5 b5 20. a6 Ba8 21. Qf3 Qf7 22. Rab1 Rb6 23. Ra1 b4 24. Ra2 bxc3 25. bxc3 Rfb8 26. c4 Rb2 27. Rxb2 Rxb2 28. Qe2 Bc3 29. Rd1 Ng8 30. Qe1 Rxd2 31. Rxd2 Qf6 32.
Qc1 Bxd2 33. Qxd2 Qd4 34. Qf2 Nf6 35. Bf1 Qa1 36. Qh4 Kg7 37. Qg3 Qxa6 38. Nxf5+ Kh7 39. Qh4 gxf5 40. Qxf6 Qb7 41. Qxf5+ Kh8 42. Kf2 1-0

[Event "Late-Titled-Tuesday-Blitz-May-07-2024"]
[Site "Chess.com"]
[Date "2024.05.07"]
[Round "5"]
[White "KuzubovYuriy"]
[Black "BardArtem"]
[Result "1-0"]
[WhiteElo "2956"]
[BlackElo "2782"]
[TimeControl "180+1"]
[EndTime "14:55:50 PDT"]
[Termination "KuzubovYuriy won on time"]

1. d4 d5 2. c4 c6 3. Nf3 Nf6 4. Nc3 dxc4 5. a4 e6 6. e3 c5 7. Bxc4 Nc6 8. O-O cxd4 9. Nxd4 Be7 10. Nxc6 bxc6 11. Qxd8+ Bxd8 12. b3 Nd5 13. Ne4 Be7 14. Ba3 a5 15. Nd6+ Bxd6 16. Bxd6 Ba6 17. Rfc1 Bxc4 18.
bxc4 Nb4 19. Rab1 c5 20. e4 f6 21. Rd1 Rc8 22. e5 Kf7 23. f4 Rhd8 24. Kf2 fxe5 25. fxe5 Rd7 26. Ke3 h6 27. Rf1+ Kg6 28. Ke4 Rcd8 29.
Rb3 Kh7 30. h4 Rxd6 31. exd6 Rxd6 32. Rf7 Rd4+ 33. Kf3 Rxc4 34. Kf2 Rg4 35. Rg3 Rxg3 36. Kxg3 Kg6 37. Ra7 Nd3 38. Rxa5 c4 39. Ra6 Kf5 40. a5 e5 41. Rc6 Ke4 42. Rxc4+ Kd5 43. Rc8 e4 44. a6 e3 45. Kf3 1-0

[Event "Late-Titled-Tuesday-Blitz-May-07-2024"]
[Site "Chess.com"]
[Date "2024.05.07"]
[Round "5"]
[White "semchik90"]
[Black "HalfIsCrayfish"]
[Result "1-0"]
[WhiteElo "2440"]
[BlackElo "2574"]
[TimeControl "180+1"]
[EndTime "14:55:50 PDT"]
[Termination "semchik90 won by resignation"]

1. Nf3 c5 2. c4 Nc6 3. e3 Nf6 4. d4 cxd4 5. exd4 d5 6. c5 Bg4 7. Be3 e6 8. Nc3 Be7 9. Be2 O-O 10. O-O Rc8 11. a3 Ne4 12. h3 Bh5 13. Rc1 f5 14. Bf4 Bf6 15. Ne5 Bxe2 16. Nxe2 Nxe5 17. dxe5 Bg5 18.
b4 Qe7 19. f3 Bxf4 20. Nxf4 Ng3 21. Re1 Rce8 22. Qd2 g5 23. Ne2 Nh5 24. b5 Qg7 25.
Nd4 g4 26. fxg4 fxg4 27. h4 h6 28. c6 b6 29. c7 g3 30. Nxe6 Qg4 31. Nxf8 Qxh4 32. Qxh6 Rxf8 33. Qxf8+ Kh7 34. c8=Q Qh2+ 35. Kf1 Qh1+ 36. Ke2 Qxg2+ 37. Kd3 1-0

[Event "Late-Titled-Tuesday-Blitz-May-07-2024"]
[Site "Chess.com"]
[Date "2024.05.07"]
[Round "5"]
[White "Zampronha1971"]
[Black "Russian_berezka"]
[Result "0-1"]
[WhiteElo "2458"]
[BlackElo "2602"]
[TimeControl "180+1"]
[EndTime "14:55:51 PDT"]
[Termination "Russian_berezka won on time"]

1. e4 g6 2. d4 Bg7 3. Nc3 d5 4. exd5 Nf6 5. Bb5+ Nbd7 6. Nge2 O-O 7. O-O Nb6 8. Re1 Nbxd5 9. Nxd5 Nxd5 10. c3 b6 11.
Bc6 Rb8 12. Nf4 Nf6 13. Qf3 Bg4 14. Qg3 a5 15. h3 Bd7 16. Bxd7 Qxd7 17. Nd3 Rfe8 18.
Ne5 Qd6 19. Qf3 e6 20. Bg5 Qd5 21. Qf4 Qd8 22. Ng4 Nd5 23. Bxd8 Nxf4 24. Bxc7 Nd3 25.
Bxb8 Nxe1 26. Rxe1 Rxb8 27. Kf1 b5 28. Ne5 b4 29. c4 Rd8 30. Nc6 Rd6 31. Nxa5 Rxd4 32. b3 Rd2 33. Nc6 Bc3 34. g3 Rd6 35. Na5 Bxe1 36.
Nb7 Rd1 37. Ke2 Ra1 38. c5 Kf8 39. c6 Ke7 0-1